 Dungeon Crawl Stone Soup version 0.19.1-1-g22dce08 (webtiles) character file.

3385 kae the Cleaver (level 10, -1/91 HPs)
             Began as a Hill Orc Fighter on Dec 30, 2016.
             Was a Believer of Beogh.
             Killed by divine providence
             ... invoked by an orc priest
              (12 damage)
             ... on level 8 of the Dungeon.
             The game lasted 00:06:05 (6930 turns).

kae the Cleaver (Hill Orc Fighter)                  Turns: 6930, Time: 00:06:06

Health: -1/91      AC: 10    Str: 23    XL:     10   Next: 4%
Magic:  0/15       EV:  7    Int:  8    God:    Beogh [**....]
Gold:   335        SH:  9    Dex: 10    Spells: 0 memorised, 9 levels left

rFire  . . .     SeeInvis .     a - +1 war axe
rCold  . . .     Gourm    .     b - +0 scale mail
rNeg   . . .     Faith    .     c - +0 shield
rPois  .         Spirit   +     (no helmet)
rElec  .         Reflect  .     m - +0 cloak
rCorr  .         Harm     .     v - +1 pair of gloves
MR     .....                    (no boots)
Stlth  ..........               w - amulet of guardian spirit
                                (no ring)
                                (no ring)

@: no status effects
A: no striking features
a: Smiting, Renounce Religion


You were on level 8 of the Dungeon.
You worshipped Beogh.
Beogh was pleased with you.
You were hungry.

You visited 1 branch of the dungeon, and saw 8 of its levels.

You collected 335 gold pieces.

Inventory:

Hand Weapons
 a - a +1 war axe (weapon)
Armour
 b - a +0 scale mail (worn)
 c - a +0 shield (worn)
 m - a +0 cloak (worn)
 v - a +1 pair of gloves (worn)
Jewellery
 d - an uncursed ring of ice
 i - a +3 amulet of reflection
 w - an amulet of guardian spirit (around neck)
 A - an uncursed amulet of magic regeneration {unknown}
Wands
 j - a wand of flame (26/48)
 u - a wand of digging (11/24)
 y - a wand of iceblast (14/15)
 B - a wand of flame (30/48)
 C - a wand of flame (32/48)
 E - a wand of flame (25/48)
Scrolls
 g - 3 scrolls of remove curse
 h - 3 scrolls of enchant armour
 n - 4 scrolls of teleportation
 q - 3 scrolls of identify
 s - 3 scrolls of blinking
 J - 2 scrolls of enchant weapon
Potions
 e - a potion of agility
 o - 3 potions of curing
 p - 5 potions of lignification
 r - a potion of flight
 x - a potion of magic {unknown}
 D - a potion of haste {unknown}
 H - a potion of brilliance {unknown}
 I - a potion of might
Books
 t - a book of Necromancy

   Spells                             Type                      Level
   a - Pain                           Necromancy                   1
   b - Animate Skeleton               Necromancy                   1
   c - Vampiric Draining              Necromancy                   3
   d - Regeneration                   Charms/Necromancy            3
   e - Animate Dead                   Necromancy                   4
   f - Control Undead                 Necromancy                   4
Comestibles
 f - 4 bread rations
 k - 3 royal jellies
 l - 7 meat rations
 z - a slice of pizza
 F - 2 beef jerkies
 G - 7 fruits


   Skills:
 + Level 9.5 Fighting
 * Level 13.0 Axes
 - Level 3.2 Armour
 - Level 3.2 Shields
 + Level 7.6 Invocations


You had 9 spell levels left.
You didn't know any spells.

Dungeon Overview and Level Annotations

Branches:
Dungeon (8/15)             Temple (0/1) D:6
   Lair: D:8-11

Altars:
Fedhas
Okawaru
Trog
Vehumet


Message History

You kill the orc wizard!
Beogh accepts your kill.
You hit the orc wizard but do no damage.
You closely miss the orc priest.
The orc wizard hits you but does no damage.
The orc priest invokes the aid of Beogh against you.
Pain shoots through your body!
* * * LOW HITPOINT WARNING * * *
You block the orc's attack.
You barely miss the orc priest.
The orc priest is moderately wounded.
You barely miss the orc wizard. You barely miss the orc.
You closely miss the orc priest. The orc wizard closely misses you.
The orc priest invokes the aid of Beogh against you.
Beogh smites you!
* * * LOW HITPOINT WARNING * * *
The orc priest invokes the aid of Beogh against you.
Beogh smites you!
You die...
Beogh appreciates the orc priest's killing of a heretic priest.

####.#.....##
#.......##....
#......## ###.
#.....## #.....#
##.....#
##......#####
#.....รท(..))##
#.......[[)@o.#
#..........ooo......
#...................
#...................
...................
...............###
................
..............


You could see 2 orc priests, an orc wizard and an orc.

Vanquished Creatures
  The ghost of dvd the Tainter, a novice OpVM of Xom (D:6)
  A wraith (D:7)
  A hungry ghost (D:7)
  A water moccasin (D:7)
  2 orc warriors
  3 ice beasts
  A sky beast (D:6)
  The ghost of kae the Insei, an amateur DsMo (D:3)
  4 ogres
  A centaur (D:6)
  3 scorpions (D:6)
  3 killer bees (D:7)
  4 wights (D:6)
  A howler monkey (D:6)
  A centaur zombie (D:5)
  4 hounds
  3 crimson imps
  8 orc wizards
  Crazy Yiuf (D:3)
  3 orc priests (D:4)
  A gnoll shaman (D:3)
  A bullfrog skeleton (D:7)
  Terence (D:3)
  Natasha (twice) (D:4)
  A centaur skeleton (D:7)
  9 worker ants
  7 adders
  4 gnolls (D:3)
  An adder zombie (D:7)
  2 adder skeletons
  2 worms (D:2)
  3 dart slugs
  2 leopard geckos (D:7)
  14 orcs
  7 giant cockroaches
  6 goblins
  8 hobgoblins
  21 jackals
  6 kobolds
  3 quokkas
  6 bats
  3 frilled lizards
  5 rats
  A fungus (D:7)
163 creatures vanquished.

Vanquished Creatures (others)
  Natasha (D:4)
  2 orcs (D:4)
3 creatures vanquished.

Grand Total: 166 creatures vanquished

Notes
Turn   | Place    | Note
-------+----------+-------------------------------------------
     0 | D:1      | kae the Hill Orc Fighter began the quest for the Orb.
     0 | D:1      | Reached XP level 1. HP: 19/19 MP: 1/1
    81 | D:1      | Reached skill level 3 in Axes
   173 | D:1      | Reached XP level 2. HP: 27/27 MP: 2/2
   727 | D:1      | Reached XP level 3. HP: 33/33 MP: 3/3
   832 | D:2      | Reached skill level 4 in Axes
  1106 | D:2      | Reached XP level 4. HP: 39/41 MP: 4/4
  1504 | D:2      | Reached skill level 5 in Axes
  1736 | D:3      | Noticed kae's ghost (amateur DsMo)
  1746 | D:3      | Killed kae's ghost
  1746 | D:3      | Reached skill level 5 in Fighting
  1746 | D:3      | Reached skill level 6 in Axes
  1746 | D:3      | Reached XP level 5. HP: 36/48 MP: 5/5
  2147 | D:3      | Reached XP level 6. HP: 25/56 MP: 6/6
  2322 | D:3      | Noticed Terence
  2330 | D:3      | Killed Terence
  2608 | D:3      | Found a runed door.
  2734 | D:3      | Noticed Crazy Yiuf
  2739 | D:3      | Killed Crazy Yiuf
  2739 | D:3      | Reached skill level 7 in Axes
  2959 | D:4      | Became a worshipper of Beogh the Brigand
  3097 | D:4      | Noticed Natasha
  3103 | D:4      | Killed Natasha
  3103 | D:4      | Reached XP level 7. HP: 60/63 MP: 7/7
  3181 | D:4      | Reached skill level 8 in Axes
  3186 | D:4      | Reached skill level 1 in Invocations
  3237 | D:4      | Noticed Natasha
  3244 | D:4      | Killed Natasha
  3275 | D:4      | Killed Natasha
  3524 | D:5      | Entered Level 5 of the Dungeon
  3929 | D:5      | Reached * piety under Beogh
  3930 | D:5      | Reached skill level 9 in Axes
  4009 | D:5      | Reached XP level 8. HP: 69/71 MP: 10/10
  4265 | D:5      | Found an iron altar of Okawaru.
  4575 | D:6      | Noticed dvd's ghost (novice OpVM)
  4619 | D:6      | Reached skill level 10 in Axes
  4807 | D:6      | Killed dvd's ghost
  4807 | D:6      | Reached skill level 5 in Invocations
  4842 | D:6      | Reached skill level 11 in Axes
  4842 | D:6      | Reached XP level 9. HP: 52/81 MP: 8/13
  5014 | D:6      | Found a radiant altar of Vehumet.
  5029 | D:6      | Found a bloodstained altar of Trog.
  5117 | D:6      | Found a staircase to the Ecumenical Temple.
  5485 | D:7      | Found a blossoming altar of Fedhas.
  5883 | D:7      | Reached skill level 12 in Axes
  5887 | D:7      | Reached ** piety under Beogh
  6877 | D:8      | Reached XP level 10. HP: 87/91 MP: 15/15
  6924 | D:8      | Reached skill level 13 in Axes
  6930 | D:8      | Killed from afar by an orc priest

Skill      XL: |  1  2  3  4  5  6  7  8  9 10 |
---------------+-------------------------------+-----
Axes           | 3 4 6 7 9 11 12 13 | 13.0
Fighting       | 4 5 6 8 9 |  9.5
Invocations    | 3 5 7 |  7.6
Armour         | |  3.2
Shields        | |  3.2

Action                   |  1- 3 |  4- 6 |  7- 9 | 10-12 || total
-------------------------+-------+-------+-------+-------++-------
Melee: War axe           |   102 |   160 |   321 |    18 ||   601
Invok: Convert to Beogh  |       |     1 |       |       ||     1
  Use: Scroll            |       |       |    20 |       ||    20
       Potion            |       |       |     1 |     2 ||     3
  Eat: Chunk             |       |     7 |    13 |       ||    20
       Fruit             |       |       |     2 |       ||     2
       Bread ration      |       |       |     1 |       ||     1
Armor: Scale mail        |    46 |    65 |   138 |     4 ||   253
Dodge: Dodged            |    27 |    42 |    79 |     9 ||   157
Block: Shield            |    64 |   104 |   171 |    15 ||   354
       Reflection        |       |     2 |     2 |       ||     4
